AoeStats
← Milo Thatch

Four Lakes

510153062Analyzed
1v1 RM · 3d ago on Sep 29, 2026· 55m 25s· 2 players
Game mode
Random Map
Map size
Tiny (2 player)
Population
200
Speed
Normal
Resources
Standard
Victory
Conquest
Starting age
Dark Age
Ending age
Imperial Age
RankedLock teamsTeams togetherTeam positionsShared explorationLock speedFull tech treeHidden civsTurbo modeCheats
Victory
Defeat
🇺🇦 Vietnamese · Ukraine
688
+15
🇺🇸 Slavs · United States
664
-23
Milo Thatch
5:08 Loom
10:17 Feudal Age
10:40 Horse Collar
24:36 Castle Age
22:44 Fletching
22:54 Padded Archer Armor
23:43 Man-at-Arms
24:56 Crossbowman
26:18 Gold Mining
26:19 Stone Mining
26:39 Bodkin Arrow
26:40 Double-Bit Axe
27:30 Heavy Plow
29:07 Long Swordsman
31:47 Leather Archer Armor
31:33 Scale Mail Armor
31:43 Forging
34:00 Bow Saw
34:53 Iron Casting
34:34 Chain Mail Armor
36:11 Ballistics
37:21 Gold Shaft Mining
41:39 Imperial Age
39:16 Scale Barding Armor
40:25 Chain Mail Armor
40:30 Chain Barding Armor
41:40 Detinets
42:57 Elite Boyar
47:22 Ring Archer Armor
47:53 Blast Furnace
47:56 Plate Mail Armor
47:49 Bloodlines
47:44 Husbandry
48:49 Plate Barding Armor
Gonzo
2:33 Loom
10:36 Feudal Age
11:35 Man-at-Arms
12:50 Town Watch
15:35 Wheelbarrow
14:50 Double-Bit Axe
17:31 Horse Collar
22:46 Castle Age
21:01 Gold Mining
23:45 Bow Saw
23:38 Heavy Plow
23:58 Hand Cart
24:43 Stone Mining
24:28 Elite Skirmisher
24:35 Pikeman
27:10 Stone Shaft Mining
26:19 Fishing Lines
31:10 Gillnets
31:31 Fletching
31:42 Padded Archer Armor
31:53 Forging
31:43 Scale Mail Armor
34:18 Imperial Age
34:25 Halberdier
35:33 Squires
35:38 Bodkin Arrow
35:58 Leather Archer Armor
36:47 Crop Rotation
37:21 Two-Man Saw
36:37 Arson
36:25 Imperial Skirmisher
37:11 Thumb Ring
38:21 Ring Archer Armor
37:51 Bracer
40:02 Ballistics
40:43 Chemistry
39:50 Siege Engineers
39:41 Murder Holes
39:28 Treadmill Crane
40:26 Sanctity
43:45 Masonry
44:23 Iron Casting
44:04 Chain Mail Armor
44:27 Paper Money
44:44 Hoardings
43:39 Sappers
47:29 Herbal Medicine
48:19 Plate Mail Armor
47:54 Scale Barding Armor
Connection lost

Rejoining the realm…

Still unreachable

The connection could not be restored.

Session expired

The server has moved on; the page needs a fresh start.